| TOP OF THE 1ST |
|
Kane County Cougars batting - Pitching for Hagerstown Suns : RHP Jayden Taylor
|
|
Pitching: RHP Jayden Taylor
|
|
|
Batting: LHB J.P. Olson
|
0-0: Foul Ball, location: 2F 0-1: Ball 1-1: Foul Ball, location: 2F 1-2: Ball 2-2: Foul Ball, location: 2F 2-2: Ball 3-2: Ground out 5-3 (Groundball, 56, EV 81.2 MPH)
|
|
Batting: RHB Daniel Rivera
|
0-0: Foul Ball, location: 2F 0-1: Ground out U3 (Groundball, 3L, EV 111.2 MPH)
|
|
Batting: RHB Chad Mendoza
|
0-0: Ball 1-0: Foul Ball, location: 2F 1-1: Ball 2-1: Foul Ball, location: 2F 2-2: Foul Ball, location: 2F 2-2: Ball 3-2: Strikes out swinging
|
| Top of the 1st over - 0 runs, 0 hits, 0 errors, 0 left on base; Kane County 0 - Hagerstown 0 |
| BOTTOM OF THE 1ST |
|
Hagerstown Suns batting - Pitching for Kane County Cougars : RHP Marco Rodriguez
|
|
Pitching: RHP Marco Rodriguez
|
|
|
Batting: RHB Joe Simmelink
|
0-0: Called Strike 0-1: Ball 1-1: Foul Ball, location: 2F 1-2: Reached on error, E1 (Groundball, 15S, EV 61.2 MPH)
|
|
Batting: RHB Alex Martinez
|
0-0: Ball 1-0: Foul Ball, location: 2F 1-1: Swinging Strike 1-2: Ball 2-2: Strikes out swinging
|
|
Batting: RHB Qian Tai
|
0-0: Foul Ball, location: 2F 0-1: Foul Ball, location: 2F 0-2: Grounds into double play, 6-4-3 (Groundball, 6, EV 105.0 MPH)
|
| Bottom of the 1st over - 0 runs, 0 hits, 1 error, 0 left on base; Kane County 0 - Hagerstown 0 |
| TOP OF THE 2ND |
|
Kane County Cougars batting - Pitching for Hagerstown Suns : RHP Jayden Taylor
|
|
Batting: RHB Bobby Coulombe
|
0-0: Called Strike 0-1: Ball 1-1: Called Strike 1-2: Ball 2-2: Foul Ball, location: 2F 2-2: SINGLE (Line Drive, 89S, EV 93.8 MPH)
|
|
Batting: RHB Sergio Manzanero
|
0-0: Called Strike 0-1: Reached on error, E3 (Groundball, 3S, EV 88.8 MPH) Bobby Coulombe to second
|
|
Batting: RHB Cesar Rendon
|
0-0: Swinging Strike 0-1: Called Strike 0-2: Strikes out swinging
|
|
Batting: RHB Jeremy Adams
|
0-0: Ball Bobby Coulombe steals 3rd base 1-0: Ball 2-0: Ball 3-0: Base on Balls Sergio Manzanero to second
|
|
Batting: RHB John Ricketts
|
0-0: DOUBLE (Flyball, 8RXD, EV 98.1 MPH) Bobby Coulombe scores Sergio Manzanero scores Jeremy Adams to third
|
|
Batting: LHB Jeff Trapp
|
0-0: Called Strike 0-1: Called Strike 0-2: Ball 1-2: Strikes out swinging
|
|
Batting: LHB J.P. Olson
|
0-0: Foul Ball, location: 2F 0-1: Called Strike 0-2: Ball 1-2: Ball 2-2: DOUBLE (Line Drive, 89D, EV 105.0 MPH) Jeremy Adams scores John Ricketts scores
|
|
Batting: RHB Daniel Rivera
|
0-0: Ball 1-0: Called Strike 1-1: Swinging Strike 1-2: Foul Ball, location: 2F 1-2: Strikes out looking
|
| Top of the 2nd over - 4 runs, 3 hits, 1 error, 1 left on base; Kane County 4 - Hagerstown 0 |
| BOTTOM OF THE 2ND |
|
Hagerstown Suns batting - Pitching for Kane County Cougars : RHP Marco Rodriguez
|
|
Batting: RHB Colin Morris
|
0-0: Ball 1-0: Foul Ball, location: 2F 1-1: Called Strike 1-2: Strikes out swinging
|
|
Batting: RHB Yok-sing Szema
|
0-0: Foul Ball, location: 2F 0-1: Called Strike 0-2: Strikes out swinging
|
|
Batting: RHB Ken Yeadon
|
0-0: Hit by Pitch
|
|
Batting: RHB Chad Madsen
|
0-0: Ball Ken Yeadon steals 2nd base 1-0: Ball 2-0: Ball 3-0: Called Strike 3-1: Ground out 5-3 (Groundball, 56, EV 90.6 MPH)
|
| Bottom of the 2nd over - 0 runs, 0 hits, 0 errors, 1 left on base; Kane County 4 - Hagerstown 0 |
| TOP OF THE 3RD |
|
Kane County Cougars batting - Pitching for Hagerstown Suns : RHP Jayden Taylor
|
|
Batting: RHB Chad Mendoza
|
0-0: Ball 1-0: Ground out 6-3 (Groundball, 6, EV 103.1 MPH)
|
|
Batting: RHB Bobby Coulombe
|
0-0: Ball 1-0: Ball 2-0: Called Strike 2-1: Ball 3-1: Foul Ball, location: 2F 3-2: Strikes out looking
|
|
Batting: RHB Sergio Manzanero
|
0-0: Ball 1-0: Swinging Strike 1-1: Ball 2-1: Foul Ball, location: 2F 2-2: Ball 3-2: Foul Ball, location: 2F 3-2: Foul Ball, location: 2F 3-2: Foul Ball, location: 2F 3-2: Hit by Pitch
|
|
Pinch Runner at 1st Ernesto Zamora:
|
|
|
Batting: RHB Cesar Rendon
|
0-0: Ball 1-0: Foul Ball, location: 2F 1-1: Ball 2-1: Swinging Strike 2-2: Ground out 4-3 (Groundball, 4MS, EV 81.9 MPH)
|
| Top of the 3rd over - 0 runs, 0 hits, 0 errors, 1 left on base; Kane County 4 - Hagerstown 0 |
| BOTTOM OF THE 3RD |
|
Hagerstown Suns batting - Pitching for Kane County Cougars : RHP Marco Rodriguez
|
|
Now at SS: Blaine Peters
|
|
|
Batting: RHB Kenny Ball
|
0-0: Called Strike 0-1: Ball 1-1: Fly out, F4 (Popup, 34S, EV 73.8 MPH)
|
|
Batting: RHB Jason Ewert
|
0-0: Ball 1-0: Foul Ball, location: 2F 1-1: Called Strike 1-2: Strikes out looking
|
|
Batting: RHB Joe Simmelink
|
0-0: Ground out 6-3 (Groundball, 6, EV 90.6 MPH)
|
| Bottom of the 3rd over - 0 runs, 0 hits, 0 errors, 0 left on base; Kane County 4 - Hagerstown 0 |
| TOP OF THE 4TH |
|
Kane County Cougars batting - Pitching for Hagerstown Suns : RHP Jayden Taylor
|
|
Batting: RHB Jeremy Adams
|
0-0: Ground out 5-3 (Groundball, 25, EV 85.0 MPH)
|
|
Batting: RHB John Ricketts
|
0-0: Ball 1-0: Foul Ball, location: 2F 1-1: Foul Ball, location: 2F 1-2: Ball 2-2: Foul Ball, location: 2F 2-2: Ground out 5-3 (Groundball, 56, EV 80.0 MPH)
|
|
Batting: LHB Jeff Trapp
|
0-0: Ground out 6-3 (Groundball, 6S, EV 90.0 MPH)
|
| Top of the 4th over - 0 runs, 0 hits, 0 errors, 0 left on base; Kane County 4 - Hagerstown 0 |
| BOTTOM OF THE 4TH |
|
Hagerstown Suns batting - Pitching for Kane County Cougars : RHP Marco Rodriguez
|
|
Batting: RHB Alex Martinez
|
0-0: Ground out 4-3 (Groundball, 4, EV 80.0 MPH)
|
|
Batting: RHB Qian Tai
|
0-0: Called Strike 0-1: Ball 1-1: Foul Ball, location: 2F 1-2: Fly out, F7 (Line Drive, 7, EV 91.9 MPH)
|
|
Batting: RHB Colin Morris
|
0-0: Ball 1-0: Ground out 4-3 (Groundball, 4M, EV 89.4 MPH)
|
| Bottom of the 4th over - 0 runs, 0 hits, 0 errors, 0 left on base; Kane County 4 - Hagerstown 0 |
| TOP OF THE 5TH |
|
Kane County Cougars batting - Pitching for Hagerstown Suns : RHP Jayden Taylor
|
|
Batting: LHB J.P. Olson
|
0-0: Ball 1-0: Ball 2-0: Swinging Strike 2-1: Ball 3-1: Foul Ball, location: 2F 3-2: Foul Ball, location: 2F 3-2: Base on Balls
|
|
Batting: RHB Daniel Rivera
|
0-0: Called Strike J.P. Olson steals 2nd base 0-1: Ball 1-1: Foul Ball, location: 2F 1-2: Ball 2-2: Ball 3-2: Foul Ball, location: 2F 3-2: Base on Balls
|
|
Pitching: RHP John Kovach
|
|
|
Batting: RHB Chad Mendoza
|
0-0: Reached on error, E6 (Groundball, 56, EV 107.5 MPH) J.P. Olson to third Daniel Rivera to second
|
|
Batting: RHB Bobby Coulombe
|
0-0: SINGLE (Groundball, 4MS, EV 69.4 MPH) (infield hit) J.P. Olson scores Daniel Rivera to third Chad Mendoza to second
|
|
Batting: SHB Blaine Peters
|
0-0: Swinging Strike 0-1: Ball 1-1: Swinging Strike 1-2: Ball 2-2: Ball 3-2: Strikes out swinging
|
|
Batting: RHB Cesar Rendon
|
0-0: Ball 1-0: Ball 2-0: Grounds into double play, 6-4-3 (Groundball, 6, EV 82.5 MPH)
|
| Top of the 5th over - 1 run, 1 hit, 1 error, 2 left on base; Kane County 5 - Hagerstown 0 |
| BOTTOM OF THE 5TH |
|
Hagerstown Suns batting - Pitching for Kane County Cougars : RHP Marco Rodriguez
|
|
Batting: RHB Yok-sing Szema
|
0-0: Called Strike 0-1: Foul Ball, location: 2F 0-2: Foul Ball, location: 2F 0-2: Reached on error, E6 (Groundball, 6, EV 104.4 MPH)
|
|
Batting: RHB Ken Yeadon
|
0-0: Called Strike 0-1: Called Strike 0-2: Foul Ball, location: 2F 0-2: Strikes out swinging Yok-sing Szema steals 2nd, throwing error, E2 Yok-sing Szema to third
|
|
Batting: RHB Chad Madsen
|
0-0: Swinging Strike 0-1: Ball 1-1: Foul Ball, location: 2F 1-2: Ball 2-2: Ball 3-2: Foul Ball, location: 2F 3-2: Foul Ball, location: 2F 3-2: Foul Ball, location: 2F 3-2: Base on Balls
|
|
Batting: RHB Kenny Ball
|
0-0: DOUBLE (Line Drive, 9LS, EV 94.4 MPH) Yok-sing Szema scores Chad Madsen to third Runner from 3rd tries for Home, SAFE, throw by RF to home
|
|
Batting: RHB Jason Ewert
|
0-0: Called Strike 0-1: Ground out 5-3 (Groundball, 56, EV 90.0 MPH)
|
|
Batting: RHB Joe Simmelink
|
0-0: Ball 1-0: Called Strike 1-1: Foul Ball, location: 2F 1-2: Strikes out swinging
|
| Bottom of the 5th over - 2 runs, 1 hit, 2 errors, 1 left on base; Kane County 5 - Hagerstown 2 |
| TOP OF THE 6TH |
|
Kane County Cougars batting - Pitching for Hagerstown Suns : RHP John Kovach
|
|
Batting: RHB Jeremy Adams
|
0-0: Swinging Strike 0-1: Swinging Strike 0-2: Strikes out looking
|
|
Batting: RHB John Ricketts
|
0-0: Called Strike 0-1: Called Strike 0-2: Foul Ball, location: 2F 0-2: Foul Ball, location: 2F 0-2: Ball 1-2: Ball 2-2: Fly out, F9 (Line Drive, 9, EV 108.8 MPH)
|
|
Batting: LHB Jeff Trapp
|
0-0: Ball 1-0: Called Strike 1-1: Ball 2-1: Fly out, F9 (Flyball, 89M, EV 96.9 MPH)
|
| Top of the 6th over - 0 runs, 0 hits, 0 errors, 0 left on base; Kane County 5 - Hagerstown 2 |
| BOTTOM OF THE 6TH |
|
Hagerstown Suns batting - Pitching for Kane County Cougars : RHP Marco Rodriguez
|
|
Batting: RHB Alex Martinez
|
0-0: Ball 1-0: Called Strike 1-1: Ball 2-1: Ball 3-1: Fly out, F9 (Flyball, 9S, EV 91.2 MPH)
|
|
Batting: RHB Qian Tai
|
0-0: Ball 1-0: Called Strike 1-1: Foul Ball, location: 2F 1-2: Ball 2-2: Strikes out swinging
|
|
Batting: RHB Colin Morris
|
0-0: Ball 1-0: Ball 2-0: Ball 3-0: Base on Balls
|
|
Batting: RHB Yok-sing Szema
|
0-0: Foul Ball, location: 2F 0-1: Foul Ball, location: 2F 0-2: Ball 1-2: Strikes out swinging
|
| Bottom of the 6th over - 0 runs, 0 hits, 0 errors, 1 left on base; Kane County 5 - Hagerstown 2 |
| TOP OF THE 7TH |
|
Kane County Cougars batting - Pitching for Hagerstown Suns : RHP John Kovach
|
|
Pitching: LHP Mike Rosas
|
|
|
Batting: LHB J.P. Olson
|
0-0: Called Strike 0-1: Fly out, F9 (Flyball, 9, EV 83.8 MPH)
|
|
Batting: RHB Daniel Rivera
|
0-0: Ball 1-0: Ball 2-0: Foul Ball, location: 2F 2-1: SINGLE (Groundball, 6MD, EV 95.0 MPH)
|
|
Batting: RHB Chad Mendoza
|
0-0: Ball 1-0: Ball 2-0: Called Strike 2-1: Ball 3-1: Called Strike 3-2: Strikes out looking Daniel Rivera steals 2nd base Batter strikes out.
|
|
Batting: RHB Bobby Coulombe
|
0-0: Ball 1-0: Ball 2-0: Swinging Strike 2-1: Ball 3-1: Foul Ball, location: 2F 3-2: Base on Balls
|
|
Batting: SHB Blaine Peters
|
0-0: Called Strike 0-1: Ball 1-1: Foul Ball, location: 2F 1-2: Strikes out swinging
|
| Top of the 7th over - 0 runs, 1 hit, 0 errors, 2 left on base; Kane County 5 - Hagerstown 2 |
| BOTTOM OF THE 7TH |
|
Hagerstown Suns batting - Pitching for Kane County Cougars : RHP Marco Rodriguez
|
|
Batting: RHB Ken Yeadon
|
0-0: Swinging Strike 0-1: Ball 1-1: Ball 2-1: Ground out 4-3 (Groundball, 4, EV 85.6 MPH)
|
|
Batting: RHB Chad Madsen
|
0-0: Called Strike 0-1: Ball 1-1: SINGLE (Line Drive, 56, EV 98.8 MPH)
|
|
Batting: RHB Kenny Ball
|
0-0: Ball 1-0: SINGLE (Groundball, 4D, EV 100.6 MPH) Chad Madsen to second Runner from 2nd tries for 3rd, SAFE, throw by RF made to third
|
|
Batting: RHB Jason Ewert
|
0-0: Fielders Choice at 2nd, 4-6 (Groundball, 4, EV 96.9 MPH) Chad Madsen scores
|
|
Pinch Hitting: SHB Fernando Fundora
|
0-0: Ball 1-0: Called Strike Jason Ewert is caught stealing 2nd base 2-6
|
| Bottom of the 7th over - 1 run, 2 hits, 0 errors, 0 left on base; Kane County 5 - Hagerstown 3 |
| TOP OF THE 8TH |
|
Kane County Cougars batting - Pitching for Hagerstown Suns : LHP Mike Rosas
|
|
Pitching: RHP Tim Schultz
|
|
|
Now in CF: Chad Madsen
|
|
|
Now in RF: Rudolph Lentz
|
|
|
Batting: RHB Cesar Rendon
|
0-0: Ball 1-0: Called Strike 1-1: Foul Ball, location: 2F 1-2: Strikes out looking
|
|
Batting: RHB Jeremy Adams
|
0-0: Ball 1-0: Called Strike 1-1: Ball 2-1: Ball 3-1: Foul Ball, location: 2F 3-2: Base on Balls
|
|
Batting: RHB John Ricketts
|
0-0: Called Strike 0-1: Called Strike 0-2: Ball 1-2: Ball 2-2: Ball 3-2: Strikes out swinging
|
|
Batting: LHB Jeff Trapp
|
0-0: Ball 1-0: Ball 2-0: Called Strike 2-1: Ball 3-1: Reached on error, E1 (Groundball, 13S, EV 75.0 MPH) Jeremy Adams to second
|
|
Batting: LHB J.P. Olson
|
0-0: SINGLE (Line Drive, 9S, EV 93.8 MPH) Jeremy Adams to third Jeff Trapp to second Runner from 3rd tries for Home, SAFE, throw by RF to home
|
|
Batting: RHB Daniel Rivera
|
0-0: Ball 1-0: Ball J.P. Olson steals 2nd base Jeff Trapp steals 3rd base 2-0: Ball 3-0: Called Strike 3-1: Called Strike 3-2: Fly out, F7 (Flyball, 7S, EV 83.1 MPH)
|
| Top of the 8th over - 1 run, 1 hit, 1 error, 2 left on base; Kane County 6 - Hagerstown 3 |
| BOTTOM OF THE 8TH |
|
Hagerstown Suns batting - Pitching for Kane County Cougars : RHP Marco Rodriguez
|
|
Batting: RHB Rudolph Lentz
|
0-0: Called Strike 0-1: Ball 1-1: Ball 2-1: Foul Ball, location: 2F 2-2: Ball 3-2: Foul Ball, location: 2F 3-2: Strikes out swinging
|
|
Batting: RHB Alex Martinez
|
0-0: Called Strike 0-1: Ball 1-1: Ball 2-1: Foul Ball, location: 2F 2-2: Fly out, F7 (Flyball, 78S, EV 92.5 MPH)
|
|
Batting: RHB Qian Tai
|
0-0: Ball 1-0: Called Strike 1-1: Ground out 5-3 (Groundball, 56, EV 80.0 MPH)
|
| Bottom of the 8th over - 0 runs, 0 hits, 0 errors, 0 left on base; Kane County 6 - Hagerstown 3 |
| TOP OF THE 9TH |
|
Kane County Cougars batting - Pitching for Hagerstown Suns : RHP Tim Schultz
|
|
Pitching: RHP Cheng-ho Tai
|
|
|
Batting: RHB Chad Mendoza
|
0-0: Ball 1-0: Called Strike 1-1: Fly out, F6 (Line Drive, 6, EV 67.5 MPH)
|
|
Batting: RHB Bobby Coulombe
|
0-0: Ball 1-0: Foul Ball, location: 2F 1-1: Swinging Strike 1-2: Foul Ball, location: 2F 1-2: Ball 2-2: Ball 3-2: Foul Ball, location: 2F 3-2: Foul Ball, location: 2F 3-2: Foul Ball, location: 2F 3-2: Base on Balls
|
|
Batting: SHB Blaine Peters
|
0-0: Called Strike Bobby Coulombe steals 2nd, throwing error, E2 Bobby Coulombe to third 0-1: Fly out, F7 (Flyball, 7, EV 90.0 MPH)
|
|
Batting: RHB Cesar Rendon
|
0-0: Called Strike 0-1: Called Strike 0-2: Ball 1-2: Ball 2-2: Ball 3-2: Foul Ball, location: 2F 3-2: Strikes out swinging
|
| Top of the 9th over - 0 runs, 0 hits, 1 error, 1 left on base; Kane County 6 - Hagerstown 3 |
| BOTTOM OF THE 9TH |
|
Hagerstown Suns batting - Pitching for Kane County Cougars : RHP Marco Rodriguez
|
|
Pitching: RHP Moises Baez
|
|
|
Batting: RHB Colin Morris
|
0-0: Called Strike 0-1: Fly out, F8 (Flyball, 8RXD, EV 98.1 MPH)
|
|
Batting: RHB Yok-sing Szema
|
0-0: Foul Ball, location: 2F 0-1: Ball 1-1: Foul Ball, location: 2F 1-2: Ground out 1-3 (Groundball, 13, EV 68.1 MPH)
|
|
Batting: RHB Ken Yeadon
|
0-0: Called Strike 0-1: Ball 1-1: Ball 2-1: Ball 3-1: Base on Balls
|
|
Batting: RHB Chad Madsen
|
0-0: Fly out, F1 (Popup, 13, EV 76.2 MPH)
|
| Bottom of the 9th over - 0 runs, 0 hits, 0 errors, 1 left on base; Kane County 6 - Hagerstown 3 |
|